 Dungeon Crawl Stone Soup version 0.28-b1-70-g80dc712255 (webtiles) character file.

Game seed: 10288857140409974886

107186 packet the Warrior (level 16, 0/149 HPs)
             Began as a Barachi Ice Elementalist on Feb 3, 2022.
             Was a High Priest of Sif Muna.
             Slain by a redback (8 damage)
             ... on level 1 of the Spider Nest on Feb 4, 2022.
             The game lasted 02:12:24 (39246 turns).

packet the Warrior (Barachi Ice Elementalist)      Turns: 39246, Time: 02:12:26

Health: 0/149      AC: 15    Str:  8 (11) XL:     16   Next: 46%
Magic:  0/38       EV: 10    Int: 29 (33) God:    Sif Muna [*****.]
Gold:   3848       SH:  9    Dex:  9 (12) Spells: 7/34 levels left

rFire   + + .      SeeInvis .   a - staff of conjuration {!a}
rCold   + . .      Faith    .   n - +0 kite shield {reflect}
rNeg    . . .      Spirit   .   O - +3 leather armour {rF+}
rPois   +          Reflect  +   N - +1 helmet
rElec   +          Harm     .   L - scarf {rC+ rF+}
rCorr   .          Rampage  +   K - +2 pair of gloves {Dex+3}
Will    +....                   f - +2 pair of boots {rampage}
Stlth   +.........              x - amulet "Fepered" {Acrobat Int+4 Dex-5 Slay+5}
HPRegen 0.34/turn               C - +6 ring of intelligence
MPRegen 0.26/turn               u - ring "Peef" {rElec rPois MP+9}

@: unable to hop, invisible, slow
A: amphibious, slowness 1, strong legs 2, +LOS, robust 1, strong 1
a: Hop, Renounce Religion, Channel Magic, Forget Spell, Divine Exegesis


You were on level 1 of the Spider Nest.
You worshipped Sif Muna.
Sif Muna was extremely pleased with you.
You visited 5 branches of the dungeon, and saw 24 of its levels.
You also visited: Bailey, Gauntlet, Ice Cave and Volcano.

You collected 4670 gold pieces.
You spent 822 gold pieces at shops.


Innate Abilities, Weirdness & Mutations

You are amphibious.
You cover ground slowly.
You can hop long distances.
You have an extended range of vision and can be seen from far away.
You are robust. (+10% HP)
Your muscles are strong. (Str +2)


   Skills:
 + Level 15.1 Fighting
 - Level 6.0 Slings
 - Level 7.0 Armour
 - Level 2.1 Dodging
 - Level 1.7 Stealth
 + Level 8.0 Shields
 + Level 9.8 Spellcasting
 - Level 12.0 Conjurations
 - Level 8.0 Hexes
 - Level 5.0 Translocations
 - Level 10.0 Transmutations
 * Level 13.3 Ice Magic
 - Level 5.0 Air Magic
 - Level 9.0 Invocations


You had 7 spell levels left.
You knew the following spells:

 Your Spells              Type           Power      Damage    Failure   Level
a - Freeze                Ice            100%       1d11      1%          1
c - Hailstorm             Conj/Ice       93%        3d18      1%          4
d - Irradiate             Conj/Tmut      43%        3d28      3%          5
e - Tukima's Dance        Hex            57%        N/A       1%          3
g - Frozen Ramparts       Ice            100%       1d12      1%          3
m - Blink                 Tloc           86%        N/A       2%          2
p - Ozocubu's Armour      Ice            75%        N/A       1%          3
s - Freezing Cloud        Conj/Ice/Air   41%        6-21      5%          5
x - Apportation           Tloc           86%        N/A       1%          1

Your spell library contained the following spells:

 Spells                   Type           Power      Damage    Failure   Level
 Beastly Appendage        Tmut           100%       N/A       1%          1
 Foxfire                  Conj/Fire      100%       2x1d9     1%          1
 Magic Dart               Conj           100%       1d8       1%          1
 Shock                    Conj/Air       100%       1d9       1%          1
 Ensorcelled Hibernation  Hex/Ice        100%       N/A       1%          2
 Searing Ray              Conj           100%       2d8       1%          2
 Static Discharge         Conj/Air       76%        N/A       1%          2
 Wereblood                Tmut           64%        N/A       1%          2
 Confusing Touch          Hex            57%        N/A       1%          3
 Dazzling Flash           Conj/Hex       100%       N/A       1%          3
 Fulminant Prism          Conj/Hex       41%        3d20      1%          4
 Ice Form                 Ice/Tmut       70%        N/A       1%          4
 Portal Projectile        Hex/Tloc       100%       N/A       2%          3
 Iskenderun's Battlesphe  Conj           90%        2d14      2%          5
 Mephitic Cloud           Conj/Pois/Air  63%        N/A       3%          3
 Gell's Gravitas          Tloc           43%        N/A       4%          3
 Lesser Beckoning         Tloc           43%        N/A       4%          3
 Spider Form              Tmut/Pois      43%        N/A       4%          3
 Swiftness                Air            43%        N/A       4%          3
 Teleport Other           Tloc           43%        N/A       4%          3
 Cause Fear               Hex            28%        N/A       4%          4
 Corpse Rot               Necr/Air       56%        N/A       7%          2
 Poisonous Vapours        Pois/Air       56%        N/A       7%          2
 Summon Ice Beast         Ice/Summ       52%        N/A       9%          4
 Yara's Violent Unravell  Hex/Tmut       30%        3d13      9%          5
 Ignite Poison            Fire/Tmut/Pois 33%        N/A       10%         3
 Sticky Flame             Conj/Fire      65%        2d8       11%         4
 Animate Skeleton         Necr           28%        N/A       13%         1
 Pain                     Necr           56%        1d6       13%         1
 Summon Small Mammal      Summ           56%        N/A       13%         1
 Petrify                  Tmut/Erth      43%        N/A       16%         4
 Sublimation of Blood     Necr           14%        N/A       19%         2
 Anguish                  Hex/Necr       18%        N/A       24%         4
 Silence                  Hex/Air        25%        N/A       24%         5
 Vampiric Draining        Necr           14%        2d7       36%         3
 Summon Lightning Spire   Summ/Air       28%        N/A       41%         4
 Alistair's Intoxication  Tmut/Pois      28%        N/A       41%         5
 Manifold Assault         Tloc           43%        N/A       41%         5
 Ozocubu's Refrigeration  Ice            37%        4d12      41%         7
 Conjure Ball Lightning   Conj/Air       38%        3x3d12    52%         6
 Orb of Destruction       Conj           45%        9d12      61%         7
 Summon Forest            Summ/Tloc      14%        N/A       77%         5
 Starburst                Conj/Fire      32%        6d10      86%         6
 Dragon Form              Tmut           32%        N/A       87%         7
 Dispersal                Tloc           21%        N/A       94%         6
 Statue Form              Tmut/Erth      28%        N/A       94%         6
 Agony                    Necr           14%        N/A       98%         5
 Excruciating Wounds      Necr           7%         N/A       98%         5
 Storm Form               Tmut/Air       27%        N/A       99%         7
 Spellforged Servitor     Conj/Summ      32%        N/A       100%        7
 Disjunction              Tloc           21%        N/A       100%        8
 Lehudib's Crystal Spear  Conj/Erth      32%        10d8      100%        8

Inventory:

Hand Weapons
 b - a +5 hunting sling
Missiles
 d - 199 sling bullets
 A - 5 throwing nets (quivered) {=f}
 J - 2 curare-tipped darts {=f}
Armour
 f - a +2 pair of boots of rampaging (worn)
 n - a +0 kite shield of reflection (worn)
 B - a +1 cloak
 K - a +2 pair of gloves of dexterity (worn)
 L - a scarf of resistance (worn)
 N - a +1 helmet (worn)
 O - a +3 leather armour of fire resistance (worn)
Magical Staves
 a - a staff of conjuration (weapon) {!a}
 Z - a staff of fire {!a}
Jewellery
 e - a ring of protection from fire
 i - a ring of protection from fire
 r - a ring of positive energy
 u - the ring "Peef" (right hand) {rElec rPois MP+9}
   (You acquired it on level 11 of the Dungeon)

   [ring of poison resistance]

   rElec:     It insulates you from electricity.
   rPois:     It protects you from poison.
   MP:        It affects your magic capacity (+9).
 x - the amulet "Fepered" (around neck) {Acrobat Int+4 Dex-5 Slay+5}
   (You found it in a bailey)

   [amulet of the acrobat]

   It increases your evasion while moving and waiting.
   Int:       It affects your intelligence (+4).
   Dex:       It affects your dexterity (-5).
   Slay:      It affects your accuracy & damage with ranged weapons and melee
   (+5).
 C - a +6 ring of intelligence (left hand)
 U - a ring of protection from cold
Wands
 y - a wand of iceblast (26)
 I - a wand of flame (15)
 P - a wand of digging (6)
 T - a wand of charming (5)
 Y - a wand of mindburst (6)
Scrolls
 h - 3 scrolls of holy word
 v - 5 scrolls of fear
 z - a scroll of magic mapping
 E - 6 scrolls of teleportation {@r2}
 G - 5 scrolls of immolation
 M - a scroll of vulnerability
 Q - 4 scrolls of fog
 V - 2 scrolls of blinking
Potions
 c - 4 potions of brilliance
 g - 7 potions of curing {@q1}
 j - a potion of cancellation
 k - 3 potions of lignification
 m - a potion of resistance
 o - 2 potions of flight
 p - 4 potions of haste {@q3}
 q - a potion of ambrosia
 w - a potion of invisibility
 D - 4 potions of might
 H - 2 potions of mutation
 X - a potion of magic
Miscellaneous
 l - a phantom mirror
 t - a condenser vane (inert)
 S - a phial of floods

Dungeon Overview and Level Annotations

Branches:
Dungeon (14/15)            Temple (1/1) D:4            Lair (6/6) D:8
  Swamp (0/4) Lair:2       Spider (1/4) Lair:2        Slime (0/5) Lair:5
    Orc (2/2) D:10            Elf (0/3) Orc:2        Vaults (0/5) D:14
 Bailey (visited)           IceCv (visited)         Volcano (visited)
Gauntlet (visited)

Altars:
Ashenzari
Cheibriados
Dithmenos
Elyvilon
Fedhas
Gozag
Hepliaklqana
Kikubaaqudgha
Makhleb
Nemelex Xobeh
Okawaru
Qazlal
Ru
Sif Muna
Trog
Uskayaw
Vehumet
Wu Jian
Xom
Yredelemnul
Zin
The Shining One
Beogh
Jiyva

Shops:
D:6 ?(   D:13 ?   Orc:1 *   Orc:2 !!=[

Annotations:
D:3 1 runed translucent door, Crazy Yiuf
Orc:1 2 transporters, 1 runed translucent door

#......#...##.....#.######..
##......^......##.#.#.#
#...#....#.##...##....##..=
#...#...#....#..............
#^..................#.....#. ###
#.#.####..#..#........#...#
...###.........#.....†.#####.....
###....†.........s.##†.#...# ....
^...#......#....@{....##...# ##.#
........#.......ss[........#....#
...##.#.#.......####...#........#
#.....#.....##............#.....#
##†..##...#..#.†........#.#....##
.<†.†................^..#.#......
#...........##...#........#......
#.........................#^.....
#################################


You could see 3 redbacks.


Message History

Press: ? - help, Shift-Dir - straight line The mass of ice explodes!
The iceblast engulfs something!
The iceblast engulfs the redback!
The redback is moderately wounded.
Something hits you but does no damage. x2; Something stings you!
* * * LOW HITPOINT WARNING * * *
The redback bites you.
* * * LOW HITPOINT WARNING * * *
The redback bites you but does no damage.
You feel much better. The redback misses you.
You feel you are being watched by something.
You feel your power leaking away.
Something hits you but does no damage. x2; Something stings you.
* * * LOW HITPOINT WARNING * * *
The redback closely misses you. The redback barely misses you.
You feel you are being watched by something.
Something hits you.
* * * LOW HITPOINT WARNING * * *
Something hits you.
* * * LOW HITPOINT WARNING * * *
Something stings you but does no damage.
You fade into invisibility!
You block the redback's attack. The redback bites you.
* * * LOW HITPOINT WARNING * * *
Something hits you but does no damage. Something hits you!
* * * LOW HITPOINT WARNING * * *
Something stings you.
* * * LOW HITPOINT WARNING * * *
The redback misses you. The redback bites you!
You die...

Skill      XL: |  1  2  3  4  5  6  7  8  9 10 11 12 13 14 15 16 |
---------------+-------------------------------------------------+-----
Ice Magic      | 5 6 7 9 10 11 12 13 | 13.3
Fighting       | 1 2 3 5 7 9 10 11 12 13 14 15 | 15.1
Armour         | 1 2 5 7 |  7.0
Spellcasting   | 3 4 5 6 7 8 9 |  9.8
Slings         | 2 4 5 6 |  6.0
Invocations    | 3 4 6 7 8 9 |  9.0
Conjurations   | 4 8 10 12 | 12.0
Translocations | 2 5 |  5.0
Hexes          | 1 4 6 7 8 |  8.0
Transmutations | 4 7 9 10 | 10.0
Shields        | 2 5 7 8 |  8.0
Air Magic      | 1 4 5 |  5.0
Dodging        | |  2.1
Stealth        | |  1.7

Action                   |  1- 3 |  4- 6 |  7- 9 | 10-12 | 13-15 | 16-18 || total
-------------------------+-------+-------+-------+-------+-------+-------++-------
Melee: Spear             |    43 |    59 |       |       |     8 |       ||   110
       Punch             |     1 |     4 |       |       |       |       ||     5
       Staff             |       |       |       |       |    34 |     5 ||    39
       Unarmed           |       |       |       |       |       |     1 ||     1
 Fire: Hunting sling     |       |    23 |   248 |   418 |   388 |       ||  1077
Throw: Stone             |    12 |    11 |       |       |       |       ||    23
       Dart              |       |     4 |       |     4 |    13 |     3 ||    24
       Throwing net      |       |       |       |       |     1 |       ||     1
 Cast: Freeze            |    62 |    52 |    28 |    99 |   145 |    30 ||   416
       Frozen Ramparts   |     2 |    15 |    21 |    44 |    15 |     4 ||   101
       Ozocubu's Armour  |       |     6 |    18 |    39 |    24 |     7 ||    94
       Hailstorm         |       |       |       |    73 |   289 |    46 ||   408
       Irradiate         |       |       |       |       |    94 |    31 ||   125
       Blink             |       |       |       |       |     1 |       ||     1
       Tukima's Dance    |       |       |       |       |     5 |     6 ||    11
       Freezing Cloud    |       |       |       |       |     3 |     3 ||     6
       Apportation       |       |       |       |       |     1 |       ||     1
 Abil: Hop               |     1 |     4 |     3 |    10 |    16 |     4 ||    38
Evoke: Wand              |       |       |     2 |       |     4 |    11 ||    17
       Condenser vane    |       |       |       |       |     1 |     1 ||     2
  Use: Potion            |       |     4 |       |     1 |     4 |    10 ||    19
       Scroll            |       |     2 |     6 |    10 |    20 |     2 ||    40
 Stab: Sleeping          |     4 |     1 |       |       |       |       ||     5
       Confused          |       |       |       |       |       |     1 ||     1
Armor: Robe              |    16 |     2 |       |       |    11 |       ||    29
       Ring mail         |       |    31 |    55 |   102 |       |       ||   188
       Leather armour    |       |       |       |       |   250 |    67 ||   317
       Skin              |       |       |       |       |       |    21 ||    21
Dodge: Dodged            |    50 |    52 |    60 |    95 |   233 |    42 ||   532
Block: Buckler           |       |       |       |       |    77 |     9 ||    86
       Kite shield       |       |       |       |       |       |    28 ||    28

Levels and vault maps discovered:
D:1:      dpeg_arrival_rhombi, layout_basic
D:2:      layout_basic, serial_co_window_serial, co_window_paths_a,
          co_window_corner_a, co_window_of_opportunity_a, co_window_paths_a,
          co_window_corner_a, co_window_of_opportunity_c, co_window_cross_4,
          co_window_unsneaky_path_d, co_window_paths_c,
          co_window_of_opportunity_b, co_window_broadway_b, co_window_paths_d,
          co_window_4corner_b, glass_columns_a, glass_columns_c,
          glass_columns_b, glass_columns_a, glass_columns_c,
          hellmonk_ecumenical_altar_inner_sanctum, grunt_decor_cap
D:3:      layout_rooms, mainiacjoe_overflow_24_doors, uniq_crazy_yiuf_cottage,
          uniq_natasha
D:4:      layout_basic, temple_fountains, minivault_23, chequers_avenue
D:5:      layout_basic, minmay_misc_feat_doors
D:6:      layout_basic, serial_shops, nicolae_stop_n_shop_1,
          nicolae_shop_firing_range
D:7:      layout_loops_ring, chequers_temple_overflow_statue_of_worship,
          enter_bailey_6
D:8:      layout_basic, tso_altar, due_lair_maze_entry_diamond, serial_bayou,
          serial_bayou_pond_c, serial_bayou_pond_b, serial_bayou_shore_a,
          serial_bayou_pond_e, minivault_5, uniq_grum
D:9:      layout_cave_pools, chequers_temple_overflow_minitemple,
          okawaru_gym_becter, biasface_ghost_orc_armoury, serial_column_ruins,
          column_ruins_hut_water, column_ruins_open_medium, column_ruins_grid_1,
          column_ruins_grid_3, column_ruins_open_tiny, minmay_misc_feat_pillars,
          hangedman_abyss_or_decor_passed
D:10:     layout_basic, hiddenorc2_lemuel, minivault_14
D:11:     layout_basic, grunt_ogre_cave
D:12:     layout_basic, portal_ice_cave_demonic_guard, grunt_decor_mini_mirrors,
          evilmike_butchery, uniq_psyche
D:13:     minmay_glassy_protrusions, layout_long_grid, serial_shops,
          shop_statue, nicolae_qazlal_style_of_elements
D:14:     layout_small_grid, hangedman_vaults_entry_quadrant_bands,
          gauntlet_entry_generic, uniq_roxanne
Temple:   bh_familiar_temple
Lair:1:   layout_cave_pods, uniq_nergalle
Lair:2:   layout_long_grid, skrybe_swamp_entry_bodies,
          nicolae_spider_entry_tight_spaces, ebering_ghost_inner_flame,
          nicolae_volcano_entry_batcave, beast_lair_carwin_7
Lair:3:   layout_regular_city
Lair:4:   kb_forest_paths, layout_regular_city, roderic_batcave
Lair:5:   layout_gridlike, dpeg_slime_entry_enclosed_altar, serial_bayou_shore_b
Lair:6:   gammafunk_lair_ancient_temple, layout_cellular_growth
Spider:1: layout_spider_delve, nicolae_spider_jagged_tunnels
Orc:1:    emtedronai_trogs_sanctum, layout_caves, serial_shops,
          nicolae_diamond_shop, basic_altar, mines2_david, uniq_urug
Orc:2:    kennysheep_orc_mage_school, layout_caves, nicolae_orc_lost_temple,
          uniq_nessos, uniq_donald

Notes
Turn   | Place    | Note
-------+----------+-------------------------------------------
     0 | D:1      | packet the Barachi Ice Elementalist began the quest for the
                  | Orb.
     0 | D:1      | Reached XP level 1. HP: 13/13 MP: 3/3
    77 | D:1      | Reached skill level 5 in Ice Magic
   204 | D:1      | Reached XP level 2. HP: 19/20 MP: 1/5
   210 | D:1      | Reached skill level 1 in Fighting
   568 | D:1      | Reached XP level 3. HP: 17/26 MP: 0/6
   679 | D:1      | Learned a level 3 spell: Frozen Ramparts
  1585 | D:2      | Reached skill level 2 in Fighting
  1770 | D:2      | Reached skill level 6 in Ice Magic
  2150 | D:2      | Found a faded altar of an unknown god.
  2321 | D:2      | Reached XP level 4. HP: 32/33 MP: 4/7
  2325 | D:2      | Learned a level 3 spell: Ozocubu's Armour
  3048 | D:3      | Reached XP level 5. HP: 20/39 MP: 1/8
  3454 | D:3      | Gained mutation: You are robust. (+10% HP) [potion of
                  | mutation]
  3454 | D:3      | Gained mutation: Your muscles are strong. (Str +2) [potion
                  | of mutation]
  3463 | D:3      | Reached skill level 3 in Fighting
  3581 | D:3      | Noticed Natasha
  3593 | D:3      | Killed Natasha
  3594 | D:3      | Reached skill level 1 in Armour
  3594 | D:3      | Reached skill level 3 in Spellcasting
  3594 | D:3      | Reached skill level 7 in Ice Magic
  3664 | D:3      | Found a runed translucent door.
  3665 | D:3      | Noticed Crazy Yiuf
  3728 | D:3      | Noticed Natasha
  3737 | D:3      | Killed Natasha
  3738 | D:3      | Reached XP level 6. HP: 48/51 MP: 5/10
  3802 | D:3      | Found a burning altar of Makhleb.
  3905 | D:3      | Noticed Natasha
  3913 | D:3      | Killed Natasha
  4048 | D:4      | Found a staircase to the Ecumenical Temple.
  4054 | Temple   | Entered the Ecumenical Temple
  4234 | Temple   | Became a worshipper of Sif Muna the Loreminder
  4779 | D:4      | Reached skill level 2 in Armour
  5373 | D:5      | Entered Level 5 of the Dungeon
  5381 | D:5      | Reached XP level 7. HP: 58/58 MP: 5/12
  5386 | D:5      | Reached skill level 4 in Fighting
  5391 | D:5      | Reached skill level 8 in Ice Magic
  5461 | D:5      | Reached * piety under Sif Muna
  5462 | D:5      | Reached skill level 1 in Slings
  6087 | D:5      | Reached skill level 4 in Spellcasting
  6095 | D:5      | Reached skill level 5 in Fighting
  6095 | D:5      | Reached skill level 2 in Slings
  6095 | D:5      | Reached skill level 9 in Ice Magic
  6095 | D:5      | Reached XP level 8. HP: 61/68 MP: 2/14
  6260 | D:5      | Reached skill level 3 in Slings
  6622 | D:6      | Reached skill level 6 in Fighting
  6685 | D:6      | Reached skill level 4 in Slings
  6779 | D:6      | Found Fuggony's Magic Scroll Boutique.
  6797 | D:6      | Reached skill level 7 in Fighting
  6978 | D:6      | Identified the +0 ring mail of Weyluacy {-Tele rF+++ rN+
                  | Int+2}
  7045 | D:6      | Found Nioss's Firing Range.
  7123 | D:6      | Reached XP level 9. HP: 59/80 MP: 12/15
  7299 | D:6      | Reached skill level 1 in Invocations
  7794 | D:7      | Reached skill level 8 in Fighting
  7794 | D:7      | Reached skill level 3 in Armour
  7837 | D:7      | Found a flagged portal.
  7882 | Bailey   | Entered a bailey
  8045 | Bailey   | Reached skill level 2 in Invocations
  8072 | Bailey   | Found a large runed translucent door.
  8072 | Bailey   | Found a large runed translucent door.
  8082 | Bailey   | Noticed a deep elf pyromancer
  8090 | Bailey   | Noticed an orc knight
  8165 | Bailey   | Killed an orc knight
  8166 | Bailey   | Reached skill level 5 in Slings
  8166 | Bailey   | Reached skill level 4 in Armour
  8166 | Bailey   | Reached skill level 5 in Spellcasting
  8223 | Bailey   | Killed a deep elf pyromancer
  8243 | Bailey   | Identified the amulet "Fepered" {Acrobat Int+4 Dex-5
                  | Slay+5}
  8362 | D:7      | Noticed a two-headed ogre
  8373 | D:7      | Killed a two-headed ogre
  8374 | D:7      | Reached skill level 9 in Fighting
  8374 | D:7      | Reached skill level 5 in Armour
  8374 | D:7      | Reached skill level 10 in Ice Magic
  8374 | D:7      | Reached skill level 3 in Invocations
  8374 | D:7      | Reached XP level 10. HP: 83/91 MP: 8/18
  8475 | D:7      | Noticed a two-headed ogre
  8485 | D:7      | Killed a two-headed ogre
  8709 | D:7      | Found a hide-covered altar of Uskayaw.
  8711 | D:7      | Found a broken altar of Ashenzari.
  8713 | D:7      | Found a sparkling altar of Nemelex Xobeh.
  9245 | D:8      | Reached ** piety under Sif Muna
  9304 | D:8      | Reached skill level 6 in Slings
  9304 | D:8      | Reached skill level 6 in Spellcasting
  9408 | D:8      | Reached skill level 4 in Invocations
  9584 | D:8      | Noticed Grum
  9603 | D:8      | Killed Grum
  9683 | D:8      | Reached skill level 10 in Fighting
  9688 | D:8      | Reached skill level 11 in Ice Magic
  9802 | D:8      | Found a staircase to the Lair.
  9849 | D:8      | Reached XP level 11. HP: 99/99 MP: 19/21
  9929 | D:8      | Reached skill level 5 in Invocations
 10484 | D:8      | Reached skill level 7 in Spellcasting
 10546 | D:8      | Identified the +0 leather armour of Parts Unknown {Harm
                  | Will+}
 10668 | D:8      | Found a glowing golden altar of the Shining One.
 11097 | D:9      | Noticed a boulder beetle
 11264 | D:8      | Learned a level 4 spell: Hailstorm
 11326 | D:9      | Reached *** piety under Sif Muna
 11327 | D:9      | Reached skill level 1 in Conjurations
 11732 | D:9      | Noticed a skeletal warrior
 11732 | D:9      | Noticed a skeletal warrior
 11732 | D:9      | Noticed a skeletal warrior
 11760 | D:8      | Killed a skeletal warrior
 11761 | D:8      | Reached skill level 2 in Conjurations
 11982 | D:9      | Found a runed translucent gate.
 11982 | D:9      | Found a runed translucent gate.
 11983 | D:9      | Found a runed translucent gate.
 11983 | D:9      | Identified the +9 plate armour of Maojy {Rampage rF+ rCorr
                  | Dex-4}
 11983 | D:9      | Noticed crazypyro's ghost (novice DsFi)
 12033 | D:9      | Killed a skeletal warrior
 12046 | D:9      | Killed a skeletal warrior
 12047 | D:9      | Reached skill level 3 in Conjurations
 12275 | D:9      | Found an iron altar of Okawaru.
 12448 | D:9      | Learned a level 2 spell: Blink
 12571 | D:9      | Killed a boulder beetle
 12572 | D:9      | Reached skill level 1 in Translocations
 12775 | D:9      | Found a stormy altar of Qazlal.
 12775 | D:9      | Found a snail-covered altar of Cheibriados.
 12782 | D:9      | Found a shimmering altar of Xom.
 12784 | D:9      | Found a blossoming altar of Fedhas.
 12786 | D:9      | Found a bloodstained altar of Trog.
 12852 | D:9      | Killed crazypyro's ghost
 12853 | D:9      | Reached skill level 4 in Conjurations
 13014 | D:9      | Reached skill level 6 in Invocations
 13258 | D:9      | Identified the +3 trident of Resourcefulness {spect, rElec
                  | Will+}
 13311 | D:10     | Entered Level 10 of the Dungeon
 13323 | D:10     | Reached skill level 11 in Fighting
 13400 | D:10     | Reached **** piety under Sif Muna
 13469 | D:10     | Found a staircase to the Orcish Mines.
 13939 | D:10     | Reached skill level 2 in Translocations
 14170 | D:10     | Reached skill level 12 in Ice Magic
 14170 | D:10     | Reached XP level 12. HP: 110/110 MP: 12/23
 14199 | D:10     | Reached skill level 5 in Conjurations
 14749 | Lair:1   | Entered Level 1 of the Lair of Beasts
 14758 | Lair:1   | Noticed a six-headed hydra
 14763 | Lair:1   | Killed a six-headed hydra
 14764 | Lair:1   | Reached skill level 8 in Spellcasting
 14841 | Lair:1   | Reached skill level 3 in Translocations
 15221 | Lair:1   | Reached skill level 6 in Conjurations
 15485 | Lair:1   | Noticed Nergalle
 15493 | Lair:1   | Killed Nergalle
 15975 | Lair:1   | Noticed a six-headed hydra
 15981 | Lair:1   | Killed a six-headed hydra
 15982 | Lair:1   | Reached skill level 4 in Translocations
 16368 | Lair:2   | Found a dark tunnel.
 16379 | Volcano  | Entered a volcano
 16549 | Volcano  | Reached skill level 7 in Conjurations
 16714 | Volcano  | Found a radiant altar of Vehumet.
 16718 | Volcano  | Reached ***** piety under Sif Muna
 16718 | Volcano  | Received a gift from Sif Muna
 16719 | Volcano  | Reached skill level 7 in Invocations
 16719 | Volcano  | Got Xoyc's Incunabulum of Bewitchment and Confrontation
                  | {god gift}
 17013 | Volcano  | Reached skill level 12 in Fighting
 17168 | Volcano  | Noticed a hell knight
 17176 | Volcano  | Killed a hell knight
 17177 | Volcano  | Reached skill level 8 in Conjurations
 17177 | Volcano  | Reached skill level 5 in Translocations
 17181 | Volcano  | Learned a level 3 spell: Tukima's Dance
 17366 | Lair:2   | Found a staircase to the Swamp.
 17528 | Lair:2   | Reached skill level 1 in Hexes
 17821 | Lair:2   | Noticed an eight-headed hydra
 17833 | Lair:2   | Killed an eight-headed hydra
 17834 | Lair:2   | Gained mutation: You can hop long distances. [Barachi
                  | growth]
 17834 | Lair:2   | Reached XP level 13. HP: 118/118 MP: 9/25
 18037 | Lair:2   | Found a runed translucent door.
 18040 | Lair:2   | Noticed vvl's ghost (journeyman DrVM)
 18053 | Lair:2   | Killed vvl's ghost
 18054 | Lair:2   | Reached skill level 2 in Hexes
 18278 | Lair:2   | Reached skill level 9 in Conjurations
 18481 | Lair:2   | Found a hole to the Spider Nest.
 18530 | Lair:2   | Reached skill level 6 in Armour
 19080 | Lair:3   | Reached skill level 3 in Hexes
 19908 | Lair:3   | Learned a level 5 spell: Irradiate
 20154 | Lair:4   | Reached skill level 1 in Transmutations
 20948 | Lair:4   | Reached skill level 2 in Transmutations
 20948 | Lair:4   | Reached skill level 8 in Invocations
 21022 | Lair:4   | Reached skill level 10 in Conjurations
 21253 | Lair:4   | Reached skill level 4 in Hexes
 21508 | Lair:4   | Reached skill level 3 in Transmutations
 21816 | Lair:4   | Reached skill level 1 in Shields
 21829 | Lair:4   | Reached skill level 7 in Armour
 21991 | Lair:4   | Reached skill level 13 in Fighting
 22113 | Lair:4   | Reached skill level 2 in Shields
 22274 | Lair:4   | Reached skill level 4 in Transmutations
 22874 | Lair:5   | Reached XP level 14. HP: 128/129 MP: 15/26
 22882 | Lair:5   | Learned a level 1 spell: Apportation
 22920 | Lair:5   | Reached skill level 3 in Shields
 23535 | Lair:5   | Reached skill level 5 in Transmutations
 23620 | Lair:5   | Reached skill level 11 in Conjurations
 23652 | Lair:5   | Reached skill level 5 in Hexes
 23813 | Lair:5   | Reached skill level 4 in Shields
 23843 | Lair:5   | Found a viscous altar of Jiyva.
 23844 | Lair:5   | Found a staircase to the Slime Pits.
 24180 | Lair:6   | Entered Level 6 of the Lair of Beasts
 24944 | Lair:6   | Identified the +11 falchion of the Open Hand {pain, *Noise
                  | +Blink rC+++ rCorr}
 24948 | Lair:6   | Received a gift from Sif Muna
 25090 | Lair:6   | Got Sif Muna's Catalogue of Arcane Weapons {god gift}
 25117 | Lair:6   | Reached skill level 6 in Transmutations
 25190 | Lair:6   | Reached skill level 5 in Shields
 26913 | D:11     | Reached skill level 6 in Hexes
 26913 | D:11     | Reached skill level 9 in Invocations
 26925 | D:11     | Reached skill level 7 in Transmutations
 27068 | D:11     | Identified 3 scrolls of acquirement
 27069 | D:11     | Acquired a staff of cold
 27075 | D:11     | Acquired the ring "Peef" {rElec rPois MP+9}
 27085 | D:11     | Acquired the Almanac of the Birds
 27093 | D:11     | Learned a level 5 spell: Freezing Cloud
 27134 | D:11     | Reached skill level 12 in Conjurations
 27594 | D:12     | Found a frozen archway.
 27602 | D:12     | Reached skill level 1 in Air Magic
 27624 | IceCv    | Entered an ice cave
 28163 | IceCv    | Identified a +2 robe of resistance
 28193 | IceCv    | Received a gift from Sif Muna
 28196 | IceCv    | Got Ufujewn's Collected Works on Companions and Beguiling
                  | {god gift}
 28414 | IceCv    | Reached XP level 15. HP: 137/137 MP: 13/27
 29018 | IceCv    | Reached skill level 2 in Air Magic
 29138 | IceCv    | Identified a scarf of resistance
 29163 | IceCv    | Reached skill level 14 in Fighting
 29348 | IceCv    | Got the Reference Book on Translocation
 30005 | D:12     | Noticed Psyche
 30010 | D:12     | Killed Psyche
 30014 | D:12     | Reached skill level 8 in Transmutations
 31435 | D:13     | Found a stormy altar of Qazlal.
 31662 | D:13     | Reached skill level 3 in Air Magic
 31722 | D:13     | Reached skill level 6 in Shields
 31827 | D:13     | Found Girol's Magic Scroll Shoppe.
 31836 | D:13     | Bought a scroll of identify for 34 gold pieces
 31836 | D:13     | Bought a scroll of identify for 34 gold pieces
 31864 | D:13     | Noticed a frost giant
 32444 | D:14     | Found a gate leading to a gauntlet.
 32454 | D:14     | Identified Roxanne's Guide on Transmutation
 32454 | D:14     | Noticed Roxanne
 32457 | Gauntlet | Entered a Gauntlet
 32457 | Gauntlet | Found a transporter.
 32457 | Gauntlet | Found a transporter.
 32457 | Gauntlet | Found a runed translucent door.
 32457 | Gauntlet | Found a runed translucent door.
 32459 | Gauntlet | Found a transporter.
 32463 | Gauntlet | Found a transporter.
 32463 | Gauntlet | Found a transporter.
 32475 | Gauntlet | Found a runed translucent door.
 32479 | Gauntlet | Found a transporter.
 32491 | Gauntlet | Found a transporter.
 32496 | Gauntlet | Found a transporter.
 32504 | Gauntlet | Found a transporter.
 32516 | Gauntlet | Found a runed translucent door.
 32516 | Gauntlet | Found the ring of the Tortoise {AC+8}
 32518 | Gauntlet | Found a transporter.
 32521 | Gauntlet | Found a runed translucent door.
 32532 | Gauntlet | Found a transporter.
 32536 | Gauntlet | Found a transporter.
 32711 | Gauntlet | Reached skill level 9 in Transmutations
 32713 | Gauntlet | Acquired 887 gold pieces
 32717 | Gauntlet | Identified the -4 pair of gloves "Gyluux" {Str+7}
 32742 | Gauntlet | Reached skill level 7 in Hexes
 32802 | Gauntlet | Identified the +7 quarterstaff "Concordance" {holy, +Blink
                  | rF++}
 32802 | Gauntlet | Identified the +8 shortbow of Departure {freeze, Str+2}
 32816 | Gauntlet | Identified the +8 mace "Muuxkot" {vamp, rC- rN+ Int+4}
 33573 | D:14     | Reached skill level 4 in Air Magic
 33575 | D:14     | Reached skill level 9 in Spellcasting
 34058 | D:14     | Found a gate to the Vaults.
 34303 | D:14     | Killed Roxanne
 34666 | Orc:1    | Entered Level 1 of the Orcish Mines
 34669 | Orc:1    | Received a gift from Sif Muna
 34669 | Orc:1    | Noticed Urug
 34673 | Orc:1    | Got Sif Muna's Incunabulum of Transmigration and Cold {god
                  | gift}
 34741 | Orc:1    | Killed Urug
 34927 | Orc:1    | Found a transporter.
 35021 | Orc:1    | Found a transporter.
 35022 | Orc:1    | Found a runed translucent door.
 35045 | Orc:2    | Entered Level 2 of the Orcish Mines
 35045 | Orc:2    | Found a staircase to the Elven Halls.
 35048 | Orc:2    | Noticed Nessos
 35055 | Orc:2    | Killed Nessos
 35238 | Orc:1    | Found Gaeria's General Store.
 35325 | Orc:1    | Reached skill level 7 in Shields
 35664 | Orc:1    | Found a bloodstained altar of Trog.
 35664 | Orc:1    | Found the necklace of Bloodlust {*Rage Will++ Int-3 Slay+6}
 36119 | Orc:2    | Reached XP level 16. HP: 147/147 MP: 14/29
 36125 | Orc:2    | Reached skill level 10 in Transmutations
 36585 | Orc:2    | Identified a +2 robe of the Archmagi
 36588 | Orc:2    | Received a gift from Sif Muna
 36589 | Orc:2    | Got Sif Muna's Disquisition on Quantum Confrontation {god
                  | gift}
 36640 | Orc:2    | Found an ancient bone altar of Kikubaaqudgha.
 36838 | Orc:2    | Found Obomeiwk's Antique Armour Emporium.
 36838 | Orc:2    | Found Tehu Cank's Distillery.
 36839 | Orc:2    | Found a radiant altar of Vehumet.
 36844 | Orc:2    | Reached skill level 5 in Air Magic
 37002 | Orc:2    | Found Umouw's Distillery.
 37091 | Orc:2    | Found Ikuteoh's Jewellery Shoppe.
 37217 | Orc:2    | Noticed Donald
 37229 | Orc:2    | Killed Donald
 37669 | D:6      | Bought a scroll of acquirement for 572 gold pieces
 37669 | D:6      | Acquired 982 gold pieces
 37843 | Orc:2    | Bought a runed ring mail for 182 gold pieces
 38042 | Spider:1 | Entered Level 1 of the Spider Nest
 38060 | Spider:1 | Reached skill level 8 in Hexes
 38468 | Spider:1 | Reached skill level 15 in Fighting
 38636 | Lair:2   | Reached skill level 13 in Ice Magic
 39065 | Spider:1 | Reached skill level 8 in Shields
 39246 | Spider:1 | HP: 14/149 [something (9)]
 39246 | Spider:1 | Slain by a redback

Vanquished Creatures
  Donald (Orc:2)
  A ghost moth (Spider:1)
  A broodmother (Lair:2)
  Nessos (Orc:2)
  The ghost of vvl the Fighter, a journeyman DrVM of Jiyva (Lair:2)
  A minotaur (Gauntlet)
  An ettin (Orc:2)
  A yaktaur captain (D:13)
  A fire dragon (D:13)
  14 hydras
  2 boulder beetles
  A catoblepas (Gauntlet)
  3 ogre magi
  2 centaur warriors
  A merfolk avatar (Lair:6)
  Urug (Orc:1)
  7 two-headed ogres
  Nergalle (Lair:1)
  A salamander mystic (Volcano)
  A hell knight (Volcano)
  4 skeletal warriors
  The ghost of crazypyro the Cleaver, a novice DsFi of Okawaru (D:9)
  A steelbarb worm (Spider:1)
  A lindwurm (Lair:6)
  A phantasmal warrior (D:13)
  3 orb spiders (Spider:1)
  3 bog bodies
  4 orc knights
  5 deep elf pyromancers
  2 harpies (Lair:6)
  3 wolf spiders (Spider:1)
  3 manticores
  8 orc sorcerers (Orc:2)
  An ugly thing (D:12)
  4 salamanders (Volcano)
  3 cyclopes
  6 black mambas
  14 elephants
  2 moths of wrath (Spider:1)
  6 centaur zombies
  An ice statue (IceCv)
  4 centaur skeletons (D:14)
  2 torpor snails
  20 cane toads
  2 unseen horrors (D:12)
  2 molten gargoyles (Volcano)
  3 gargoyles
  Psyche (D:12)
  3 demonic crawlers
  2 ice devils (D:12)
  8 komodo dragons
  A freezing wraith (IceCv)
  9 rime drakes
  2 yaktaurs (D:14)
  2 entropy weaver simulacra (IceCv)
  4 trolls
  7 polar bears
  8 hornets
  2 wind drakes (Lair:6)
  9 slime creatures
  3 tarantellas
  7 blink frogs
  A jumping spider (shapeshifter) (D:14)
  8 jumping spiders
  A snapping turtle (Lair:6)
  12 spriggans (Lair:4)
  8 culicivoras
  3 wraiths
  2 dire elephant simulacra (IceCv)
  4 wyverns
  3 basilisks
  A vampire (D:10)
  2 shadows
  8 yaks
  Grum (D:8)
  6 vampire mosquitoes
  4 fire bats
  A death yak simulacrum (IceCv)
  3 steam dragons
  10 redbacks
  A warg (Orc:2)
  2 acid dragons
  16 water moccasins
  24 orc warriors
  A hornet zombie (D:6)
  A sky beast (D:8)
  2 black bears
  10 ogres
  3 boggarts (Lair:4)
  8 wolves
  11 centaurs
  A necrophage (D:6)
  5 kobold brigands
  18 bullfrogs
  2 gnoll sergeants
  10 two-headed ogre simulacra (IceCv)
  2 cane toad simulacra (IceCv)
  2 water moccasin zombies
  2 scorpions (D:8)
  5 killer bees (D:9)
  5 elephant simulacra (IceCv)
  7 wights
  A vampire bat (Lair:4)
  2 electric eels (D:8)
  3 lava snakes (Volcano)
  4 hounds
  25 orc priests
  6 jellies
  A gnoll shaman (D:9)
  3 iguanas
  43 orc wizards
  Natasha (thrice) (D:3)
  5 hell rats (Lair:1)
  3 troll simulacra (IceCv)
  3 polar bear simulacra (IceCv)
  6 spriggan simulacra (IceCv)
  A wolf simulacrum (IceCv)
  A hound skeleton (D:4)
  A howler monkey zombie (D:5)
  2 adders
  23 gnolls
  2 naga simulacra (IceCv)
  6 white imps
  7 ufetubi (IceCv)
  An adder skeleton (D:4)
  A worm (D:2)
  A dart slug (D:3)
  94 orcs
  15 bats
  13 endoplasms
  3 giant cockroaches
  13 goblins
  5 hobgoblins
  11 jackals (D:1)
  24 kobolds
  6 quokkas
  9 ball pythons
  2 frilled lizards
  A quokka skeleton (D:4)
  2 rats
788 creatures vanquished.

Vanquished Creatures (collateral kills)
  Roxanne (D:14)
  2 yaktaurs (D:14)
3 creatures vanquished.

Vanquished Creatures (others)
  2 dancing weapons
  An orc wizard (Orc:2)
  114 fungi
  126 plants
243 creatures vanquished.

Grand Total: 1034 creatures vanquished

Table legend: (Time is in decaauts)
 A = Elapsed time spent in this place.
 B = Non-inter-level travel time spent in this place.
 C = Inter-level travel time spent in this place.
 D = Time resting spent in this place.
 E = Time spent auto-exploring this place.
 F = Levels seen in this place.
 G = Mean time per level.
                   A        B        C        D        E       F      G
               +--------+--------+--------+--------+--------+-----+--------+
         Total |  42732 |  40207 |   2525 |  11103 |  20725 |  28 | 1526.1 |
       Dungeon |  22190 |  20523 |   1667 |   5394 |  11006 |  14 | 1585.0 |
        Temple |    248 |    214 |     34 |      0 |    193 |   1 |  248.0 |
          Lair |  12398 |  11885 |    513 |   2176 |   7965 |   6 | 2066.3 |
   Spider Nest |    544 |    544 |      0 |    263 |     21 |   1 |  544.0 |
  Orcish Mines |   3288 |   2980 |    308 |   1193 |   1030 |   2 | 1644.0 |
        Bailey |    458 |    458 |      0 |     83 |      0 |   1 |  458.0 |
      Ice Cave |   2184 |   2184 |      0 |   1294 |    417 |   1 | 2184.0 |
       Volcano |   1019 |   1019 |      0 |    542 |     92 |   1 | 1019.0 |
      Gauntlet |    401 |    401 |      0 |    156 |      0 |   1 |  401.0 |
               +--------+--------+--------+--------+--------+-----+--------+

Top non-repeatable levels by time:
     D:8: 2797 daAuts
  Lair:2: 2714 daAuts
   Orc:2: 2392 daAuts
  Lair:4: 2325 daAuts
  Lair:6: 2200 daAuts
   IceCv: 2184 daAuts
     D:9: 2053 daAuts
  Lair:3: 1869 daAuts
    D:10: 1806 daAuts
    D:14: 1787 daAuts
  Lair:1: 1720 daAuts
     D:1: 1705 daAuts
    D:13: 1684 daAuts
  Lair:5: 1568 daAuts
    D:12: 1568 daAuts

Table legend:
 A = Non-vault XP
 B = Vault XP
 C = Vault XP percentage of total XP
 D = Non-vault monster count
 E = Vault monster count
 F = Vault count percentage of total count
                 A         B        C        D         E       F
            +---------+---------+-------+---------+---------+-------
      Total |   87612 |   65512 |  42.8 |     508 |     283 |  35.8
            +---------+---------+-------+---------+---------+-------
        D:1 |      64 |       0 |   0.0 |      34 |       0 |   0.0
        D:2 |      38 |       0 |   0.0 |      13 |       0 |   0.0
        D:3 |     256 |      35 |  12.0 |      27 |       1 |   3.6
        D:4 |     216 |       0 |   0.0 |      23 |       0 |   0.0
        D:5 |    1040 |       0 |   0.0 |      14 |       0 |   0.0
        D:6 |    1015 |       0 |   0.0 |      21 |       0 |   0.0
        D:7 |    2393 |       0 |   0.0 |      18 |       0 |   0.0
        D:8 |    2378 |    2212 |  48.2 |      32 |      15 |  31.9
        D:9 |    4314 |    1214 |  22.0 |      35 |      11 |  23.9
       D:10 |    1467 |     429 |  22.6 |      18 |      32 |  64.0
       D:11 |    3943 |     832 |  17.4 |      11 |       1 |   8.3
       D:12 |    5640 |    1087 |  16.2 |      17 |       3 |  15.0
       D:13 |    6558 |    2519 |  27.8 |      18 |       3 |  14.3
       D:14 |    6492 |    8030 |  55.3 |      20 |      20 |  50.0
     Lair:1 |    4200 |     777 |  15.6 |      21 |       1 |   4.5
     Lair:2 |    4117 |    4973 |  54.7 |       9 |      19 |  67.9
     Lair:3 |    4641 |       0 |   0.0 |      17 |       0 |   0.0
     Lair:4 |    6779 |    6377 |  48.5 |      23 |      30 |  56.6
     Lair:5 |    8624 |       0 |   0.0 |      20 |       0 |   0.0
     Lair:6 |    8311 |    7924 |  48.8 |      20 |      22 |  52.4
   Spider:1 |    9236 |    3030 |  24.7 |      27 |       6 |  18.2
      Orc:1 |    1779 |     825 |  31.7 |      32 |       6 |  15.8
      Orc:2 |    4111 |    9530 |  69.9 |      38 |      35 |  47.9
     Bailey |       0 |    1627 | 100.0 |       0 |       8 | 100.0
      IceCv |       0 |    5324 | 100.0 |       0 |      52 | 100.0
    Volcano |       0 |    4787 | 100.0 |       0 |      12 | 100.0
   Gauntlet |       0 |    3980 | 100.0 |       0 |       6 | 100.0
            +---------+---------+-------+---------+---------+-------
